 Dungeon Crawl Stone Soup version 0.21-a0-480-g5da0f0d (webtiles) character file.

61 slep the Slasher (level 3, -2/28 HPs)
             Began as a Demonspawn Gladiator on Nov 23, 2017.
             Was an Initiate of Okawaru.
             Killed from afar by Natasha (8 damage)
             ... with a magic dart
             ... on level 2 of the Dungeon.
             The game lasted 00:06:14 (1101 turns).

slep the Slasher (Demonspawn Gladiator)             Turns: 1101, Time: 00:06:15

Health: -2/28      AC:  8    Str: 14    XL:     3   Next: 83%
Magic:  0/12       EV:  7    Int:  9    God:    Okawaru [......]
Gold:   57         SH: 10    Dex: 15    Spells: 2/2 levels left

rFire    + . .     SeeInvis .   a - +0 long sword
rCold    . . .     Gourm    .   t - +0 large shield
rNeg     . . .     Faith    .   e - +0 ring mail
rPois    .         Spirit   +   c - +0 helmet
rElec    .         Reflect  .   (no cloak)
rCorr    .         Harm     .   (no gloves)
MR       .....                  (no boots)
Stlth    +.........             o - amulet of regeneration
HPRegen  0.09/turn              w - ring of magical power
MPRegen  0.13/turn              y - ring of protection from fire

@: slowed, very slow
A: iridescent scales 1, magic shield
a: Renounce Religion


You were on level 2 of the Dungeon.
You worshipped Okawaru.
Okawaru was noncommittal.
You were not hungry.

You visited 1 branch of the dungeon, and saw 2 of its levels.

You collected 57 gold pieces.

Inventory:

Hand Weapons
 a - a +0 long sword (weapon)
 q - a +0 dagger of pain
Missiles
 d - 3 throwing nets (quivered)
 j - 45 poisoned needles
Armour
 b - a +0 leather armour
 c - a +0 helmet (worn)
 e - a +0 ring mail (worn)
 t - a +0 large shield (worn)
Jewellery
 o - an amulet of regeneration (around neck)
 w - a ring of magical power (left hand)
 y - a ring of protection from fire (right hand)
Scrolls
 n - 3 scrolls of teleportation {unknown}
 p - 2 scrolls of noise {unknown}
 r - a scroll of remove curse {unknown}
 u - a scroll of identify {unknown}
 v - a scroll of blinking {unknown}
Potions
 g - a potion of heal wounds
 h - a potion of agility {unknown}
 i - a potion of resistance {unknown}
 k - 2 potions of cancellation {unknown}
 l - a potion of curing {unknown}
Comestibles
 f - 2 bread rations
 m - 2 fruits
 s - a meat ration
 x - 2 chunks of flesh


   Skills:
 + Level 2.4 Fighting
 + Level 3.4 Long Blades
 + Level 1.9 Throwing
 + Level 0.7 Armour
 + Level 3.2 Dodging


You had 2 spell levels left.
You didn't know any spells.

Dungeon Overview and Level Annotations

Branches:
Dungeon (2/15)

Altars:
Ashenzari
Dithmenos
Fedhas
Nemelex Xobeh
Okawaru
Uskayaw
Yredelemnul
The Shining One

Annotations:
D:2 Natasha


Innate Abilities, Weirdness & Mutations

You are partially covered in iridescent scales. (AC +2)
When hurt, damage is shared between your health and your magic reserves.


Message History

You block the jackal's attack.
Natasha mumbles some strange words.
The jackal bites you but does no damage.
You block the jackal's attack.
The jackal bites you but does no damage.
You block the jackal's attack. Natasha casts a spell at you.
The magic dart hits you!
* * * LOW HITPOINT WARNING * * *
The jackal bites you but does no damage. x2
You closely miss Natasha.
Natasha is severely wounded.
You block the jackal's attack. The jackal bites you.
The jackal bites you but does no damage.
Natasha closely misses you. You block the jackal's attack.
The jackal barely misses you.
The jackal bites you but does no damage.
Natasha stares at you and mumbles some strange words.
The magic dart hits you!
You die...

#..รท.# #.. #.
#.#.#.###....# .
#..###...#........####..
#..#.......###.........#
#...._..._.##.....<....#
#...........#..........#
#._..8.._.#..........#
#..5hh....#..........#
#._h@._.............#
#..h_...##.######.#.#
###...####.# .#.#
....#.# ... # #####.#
##.## #.# ... ... ...
... ..# ....


You could see Natasha, a crimson imp and 3 jackals.

Vanquished Creatures
  2 adders (D:2)
  An ooze (D:1)
  A worm (D:2)
  A dart slug (D:1)
  A ball python (D:2)
  A giant cockroach (D:1)
  4 goblins
  3 hobgoblins
  6 jackals (D:1)
  2 kobolds (D:1)
  4 bats (D:1)
  4 frilled lizards
  4 rats
34 creatures vanquished.

Notes
Turn   | Place    | Note
-------+----------+-------------------------------------------
     0 | D:1      | slep the Demonspawn Gladiator began the quest for the Orb.
     0 | D:1      | Reached XP level 1. HP: 16/16 MP: 1/1
   183 | D:1      | Gained mutation: When hurt, damage is shared between your health and your magic reserves. [demonic ancestry]
   183 | D:1      | Reached XP level 2. HP: 22/22 MP: 2/2
   296 | D:1      | Found a shattered altar of Ashenzari.
   415 | D:1      | Gained mutation: You are partially covered in iridescent scales. (AC +2) [demonic ancestry]
   415 | D:1      | Reached XP level 3. HP: 20/27 MP: 3/3
   960 | D:2      | Found an iron altar of Okawaru.
   966 | D:2      | Became a worshipper of Warmaster Okawaru
  1069 | D:2      | HP: 1/28 [poisoned by an adder]
  1084 | D:2      | Found a blossoming altar of Fedhas.
  1087 | D:2      | Found a shattered altar of Ashenzari.
  1088 | D:2      | Found a basalt altar of Yredelemnul.
  1088 | D:2      | Found a glowing golden altar of the Shining One.
  1089 | D:2      | Found a hide-covered altar of Uskayaw.
  1089 | D:2      | Found a shadowy altar of Dithmenos.
  1090 | D:2      | Found a sparkling altar of Nemelex Xobeh.
  1091 | D:2      | Noticed Natasha
  1101 | D:2      | Killed from afar by Natasha

Vault maps used:
D:1:      dpeg_arrival_arbitrary_a, hangedman_decor_riveting,
          evilmike_ruin_ashenzari
D:2:      grunt_temple_overflow_open, okawaru_ov_weapons_minmay, first_bread,
          uniq_robin, uniq_natasha

Skill      XL: |  1  2 |
---------------+-------+-----
Long Blades    | 3 |  3.4
Dodging        | 3 |  3.2
Fighting       | |  2.4
Throwing       | |  1.9
Armour         | |  0.7

Action                   || total
-------------------------++-------
Melee: Long sword        ||   107
Throw: Throwing net      ||     2
  Use: Potion            ||     1
  Eat: Chunk             ||     1
Armor: Ring mail         ||    60
       Leather armour    ||     1
Dodge: Dodged            ||    66
Block: Large shield      ||    33
       Rpst.: Long sword ||    17

Table legend:
 A = Spawn XP
 B = Non-spawn XP
 C = Spawn XP percentage of total XP
 D = Spawn monster count
 E = Non-spawn monster count
 F = Spawn count percentage of total count
 G = Total turns spent on level
                    A         B        C        D         E        F      G
               +---------+---------+-------+---------+---------+-------+---------
         Total |       0 |      88 |   0.0 |       0 |      34 |   0.0 |  1101
               +---------+---------+-------+---------+---------+-------+---------
           D:1 |       0 |      46 |   0.0 |       0 |      24 |   0.0 |   844
           D:2 |       0 |      42 |   0.0 |       0 |      10 |   0.0 |   257
               +---------+---------+-------+---------+---------+-------+---------
